 Dungeon Crawl Stone Soup version 0.28.0 (webtiles) character file.

Game seed: 13612655447017630275

883 Descartes the Ruffian (level 7, -4/67 HPs)
             Began as a Troll Warper on Feb 11, 2022.
             Killed from afar by an orc wizard (6 damage)
             ... with a magic dart
             ... on level 4 of the Dungeon.
             The game lasted 00:07:51 (3632 turns).

Descartes the Ruffian (Troll Warper)                Turns: 3632, Time: 00:07:51

Health: -4/67      AC:  4    Str: 20    XL:     7   Next: 76%
Magic:  10/10      EV: 14    Int: 11    God:
Gold:   273        SH:  0    Dex:  9    Spells: 4/11 levels left

rFire   . . .      SeeInvis .     - Unarmed
rCold   . . .      Faith    .   (no shield)
rNeg    . . .      Spirit   .   a - +0 robe
rPois   .          Reflect  .   (helmet restricted)
rElec   .          Harm     .   (no cloak)
rCorr   .          Rampage  .   (gloves unavailable)
Will    .....                   (boots unavailable)
Stlth   +.........              (no amulet)
HPRegen 1.01/turn               p - +4 ring of evasion
MPRegen 0.12/turn               (no ring)

@: confused, hasted, very quick
A: large, unfitting armour, claws 3, regeneration 1, shaggy fur 1, tough skin 1
a: no special abilities


You were on level 4 of the Dungeon.
You visited 1 branch of the dungeon, and saw 5 of its levels.

You collected 273 gold pieces.

Inventory:

Missiles
 c - 5 boomerangs of dispersal (quivered)
 f - 174 stones
 i - 5 boomerangs
Armour
 a - a +0 robe (worn)
Jewellery
 p - a +4 ring of evasion (left claw)
Wands
 s - a wand of iceblast (7)
 x - a wand of acid (6)
Scrolls
 b - a scroll of blinking
 e - 3 scrolls of identify {unknown}
 g - a scroll of fog {unknown}
 h - a scroll of magic mapping {unknown}
 j - a scroll of enchant weapon {unknown}
 q - a scroll of fear {unknown}
 t - a scroll of teleportation {unknown}
Potions
 d - a potion of lignification {unknown}
 k - 2 potions of haste
 l - a potion of magic {unknown}
 m - a potion of flight {unknown}
 n - a potion of brilliance {unknown}
 o - a potion of might {unknown}
 r - a potion of heal wounds {unknown}
 u - a potion of berserk rage {unknown}
 v - a potion of cancellation {unknown}
 w - a potion of mutation {unknown}
 z - a potion of curing {unknown}
 A - a potion of ambrosia {unknown}


   Skills:
 + Level 3.5 Fighting
 - Level 3.0 Throwing
 - Level 3.0 Dodging
 + Level 4.2 Unarmed Combat
 + Level 2.7 Spellcasting
 + Level 3.6 Translocations


You had 4 spell levels left.
You knew the following spells:

 Your Spells              Type           Power      Damage    Failure   Level
a - Manifold Assault      Tloc           9%         N/A       86%         5
b - Blink                 Tloc           18%        N/A       10%         2

Your spell library contained the following spells:

 Spells                   Type           Power      Damage    Failure   Level
 Gell's Gravitas          Tloc           9%         N/A       19%         3
 Lesser Beckoning         Tloc           9%         N/A       19%         3
 Teleport Other           Tloc           9%         N/A       19%         3
 Freeze                   Ice            4%         1d3       26%         1
 Frozen Ramparts          Ice            2%         1d2       63%         3
 Hailstorm                Conj/Ice       1%         3d3       95%         4
 Olgreb's Toxic Radiance  Pois           1%         N/A       95%         4
 Silence                  Hex/Air        0%         N/A       100%        5
 Dispersal                Tloc           4%         N/A       100%        6
 Eringya's Noxious Bog    Tmut/Pois      0%         N/A       100%        6


Dungeon Overview and Level Annotations

Branches:
Dungeon (5/15)
 Temple: D:4-7

Altars:
Ru
Beogh

Annotations:
D:4 Pikel


Innate Abilities, Weirdness & Mutations

You are too large for most types of armour.
You have claws for hands.
Your natural rate of healing is unusually fast.
You are covered in fur. (AC +1)
You have tough skin. (AC +1)


Message History

Something hits you but does no damage.
You closely miss something.
You hear some strange, mumbled words.
Something tries to affect you, but you resist.
You hear some strange, mumbled words.
You are more confused.
The orc hits you with a +0 short sword.
* * * LOW HITPOINT WARNING * * *
You're too confused to move!
You hear some strange, mumbled words.
A magic dart appears from out of thin air!
The magic dart hits you.
* * * LOW HITPOINT WARNING * * *
Something hits you.
* * * LOW HITPOINT WARNING * * *
The orc hits you with a +0 short sword.
* * * LOW HITPOINT WARNING * * *
You completely miss something. Something hits you.
* * * LOW HITPOINT WARNING * * *
Something hits you but does no damage. The orc barely misses you.
You claw something!
You hear some strange, mumbled words.
A magic dart appears from out of thin air!
The magic dart hits you.
* * * LOW HITPOINT WARNING * * *
Something hits you but does no damage. The orc misses you.
You bump into the rock wall.
Something hits you.
* * * LOW HITPOINT WARNING * * *
Something hits you but does no damage. The orc hits you but does no damage.
You claw something!
You hear some strange, mumbled words.
Something tries to affect you, but you resist.
Something hits you.
* * * LOW HITPOINT WARNING * * *
The orc closely misses you.
It was a potion of haste.
You feel yourself speed up.
You hear some strange, mumbled words.
A magic dart appears from out of thin air!
The magic dart hits you.
You die...

#..##.......##.##
##รท##.......##..#
#.############.#
##.# #.# #..# #.#
#.## ####### #.# #.#
#...).# #.# #.#
##..##'## #{##
#.###..##..)###@{#
#......#.8.8.###o###
##..#####.....#
#.).#
#[.##...#.8.8.#
###.#
#..##.####._.## #.#
..#...# ##### #.##
....### #..# ..###
##.# ..# #.#


You could see an orc.

Vanquished Creatures
  Grinder (D:5)
  Menkaure (D:4)
  2 lemures
  2 scorpions (D:5)
  3 orc priests
  2 hounds
  2 iguanas (D:4)
  Terence (D:2)
  4 orc wizards
  4 adders
  2 dart slugs (D:2)
  17 orcs
  2 ball pythons
  4 endoplasms
  A giant cockroach (D:1)
  8 goblins
  6 hobgoblins
  5 jackals
  6 quokkas
  5 bats
  A frilled lizard (D:2)
  2 kobolds (D:1)
  6 rats
87 creatures vanquished.

Vanquished Creatures (others)
  15 plants (D:3)
15 creatures vanquished.

Grand Total: 102 creatures vanquished

Notes
Turn   | Place    | Note
-------+----------+-------------------------------------------
     0 | D:1      | Descartes the Troll Warper began the quest for the Orb.
     0 | D:1      | Reached XP level 1. HP: 19/19 MP: 1/1
    83 | D:1      | Found a faded altar of an unknown god.
   149 | D:1      | Reached skill level 1 in Throwing
   219 | D:1      | Reached XP level 2. HP: 28/28 MP: 3/3
  1008 | D:2      | Reached XP level 3. HP: 32/35 MP: 4/4
  1039 | D:2      | Found a sacrificial altar of Ru.
  1121 | D:2      | Noticed Terence
  1136 | D:2      | Killed Terence
  1579 | D:2      | Reached XP level 4. HP: 33/42 MP: 5/5
  2501 | D:4      | Reached XP level 5. HP: 27/49 MP: 6/6
  2616 | D:4      | Identified the +2 leather armour of the Frog {Regen+
                  | Stlth+}
  2773 | D:4      | Reached skill level 3 in Unarmed Combat
  2819 | D:4      | Noticed Menkaure
  2830 | D:4      | Killed Menkaure
  2831 | D:4      | Reached XP level 6. HP: 46/59 MP: 6/8
  3000 | D:4      | Noticed Pikel
  3141 | D:4      | Got the Grimoire of Weightlessness and Poisoning
  3145 | D:4      | Learned a level 2 spell: Blink
  3151 | D:4      | Learned a level 5 spell: Manifold Assault
  3208 | D:5      | Entered Level 5 of the Dungeon
  3208 | D:5      | Noticed Grinder
  3219 | D:5      | Paralysed by Grinder for 6 turns
  3234 | D:5      | Killed Grinder
  3235 | D:5      | Reached XP level 7. HP: 53/67 MP: 9/9
  3263 | D:5      | Reached skill level 4 in Unarmed Combat
  3629 | D:4      | HP: 1/67 [something/magic dart (3)]
  3632 | D:4      | Killed from afar by an orc wizard

Illustrated notes

Levels and vault maps discovered:
D:1:      matt_arrival_los_fun, layout_basic, shapermc_ecumenical_altar_gd
D:2:      layout_basic, basic_altar, uniq_terence
D:3:      layout_loops_ring, serial_bayou_lagoon_a, lightli_corner_chamber
D:4:      layout_rooms, kennysheep_orc_chapel, uniq_menkaure, uniq_pikel
D:5:      layout_cave_pools, uniq_grinder, uniq_sigmund, uniq_eustachio

Skill      XL: |  1  2  3  4  5  6  7 |
---------------+----------------------+-----
Throwing       | 1 2 3 |  3.0
Dodging        | 2 3 |  3.0
Fighting       | 2 3 |  3.5
Unarmed Combat | 3 4 |  4.2
Spellcasting   | 2 |  2.7
Translocations | 3 |  3.6

Action                   |  1- 3 |  4- 6 |  7- 9 || total
-------------------------+-------+-------+-------++-------
Melee: Unarmed           |    92 |   194 |    81 ||   367
       Punch             |       |     8 |     1 ||     9
  Use: Potion            |       |       |     1 ||     1
Armor: Robe              |    21 |    38 |    35 ||    94
Dodge: Dodged            |    33 |   127 |    62 ||   222
